AoeStats
← kiwiPusher

Arena

510155357Analyzed
1v1 RM · 4d ago on Sep 29, 2026· 31m 32s· 2 players
Game mode
Random Map
Map size
Tiny (2 player)
Population
200
Speed
Normal
Resources
Standard
Victory
Conquest
Starting age
Dark Age
Ending age
Imperial Age
RankedLock teamsTeams togetherTeam positionsShared explorationLock speedFull tech treeHidden civsTurbo modeCheats
Victory
Defeat
🇷🇴 Celts · Romania
810
+15
🇹🇷 Chinese · Türkiye
785
-15
mskurt333
10:15 Feudal Age
14:34 Castle Age
12:45 Double-Bit Axe
13:17 Horse Collar
20:42 Wheelbarrow
21:04 Bow Saw
21:39 Heavy Plow
22:55 Hand Cart
22:19 Pikeman
23:04 Gold Mining
23:31 Loom
28:17 Town Watch
kiwiPusher
10:59 Feudal Age
9:25 Loom
16:15 Castle Age
15:47 Double-Bit Axe
15:54 Horse Collar
16:18 Man-at-Arms
17:05 Long Swordsman
20:30 Scale Mail Armor
20:26 Gambesons
21:24 Forging
21:32 Chain Mail Armor
26:54 Pikeman
28:11 Iron Casting
29:35 Arson
Connection lost

Rejoining the realm…

Still unreachable

The connection could not be restored.

Session expired

The server has moved on; the page needs a fresh start.